 Dungeon Crawl Stone Soup version 0.15-a0-773-g3a4c672 (webtiles) character file.

253 4tharraofdagon the Insei (level 6, 0/46 HPs)
             Began as a Merfolk Transmuter on May 13, 2014.
             Was a Follower of Cheibriados.
             Succumbed to poison (a potion of poison)
             ... on Level 5 of the Dungeon.
             The game lasted 00:05:27 (730 turns).

4tharraofdagon the Insei (Merfolk Transmuter)        Turns: 730, Time: 00:05:27

HP   0/46        AC  2     Str 13      XL: 6   Next: 14%
MP   2/13        EV 14     Int 14      God: Cheibriados [*.....]
Gold 113         SH  0     Dex 15      Spells:  3 memorised,  4 levels left

rFire  . . .     SeeInvis .       - Unarmed
rCold  . . .     Clarity  .     c - +0 robe
rNeg   . . .     Conserve .     (no shield)
rPois  .         rCorr    .     (no helmet)
rElec  .         rRot     .     (no cloak)
SustAb . .       Spirit   .     (no gloves)
rMut   .         Warding  .     (no boots)
Gourm  .         Stasis   .     r - cursed amulet of inaccuracy
MR     .....                    (no ring)
                                k - cursed -3 ring of dexterity

@: lethally poisoned, very slightly contaminated, very slow, not resistant to
hostile enchantments, very unstealthy
A: change form in water, swift swim
a: Bend Time, Renounce Religion


You were on level 5 of the Dungeon.
You worshipped Cheibriados.
Cheibriados was aware of your devotion.
You were hungry.

You visited 1 branch of the dungeon, and saw 5 of its levels.

You collected 113 gold pieces.

Inventory:

Missiles
 b - 12 arrows
 j - 13 stones (quivered)
Armour
 c - a +0 robe (worn)
Comestibles
 a - 3 bread rations
 f - a meat ration
 l - 2 pears
 m - 2 apples
 n - an orange
Scrolls
 g - a scroll of fog
 h - a scroll of recharging
Jewellery
 e - an uncursed amulet of guardian spirit
 k - a cursed -3 ring of dexterity (left hand)
 r - a cursed amulet of inaccuracy (around neck)
Books
 d - a book of Changes

   Spells                             Type                      Level
   *Beastly Appendage                 Transmutation                1
   Sticks to Snakes                   Transmutation                2
   *Spider Form                       Transmutation/Poison         3
   Ice Form                           Ice/Transmutation            4
   Blade Hands                        Transmutation                5
 p - a book of Necromancy

   Spells                             Type                      Level
   Pain                               Necromancy                   1
   Animate Skeleton                   Necromancy                   1
   Vampiric Draining                  Necromancy                   3
   *Regeneration                      Charms/Necromancy            3
   Animate Dead                       Necromancy                   4
   Control Undead                     Necromancy                   4


   Skills:
 + Level 2.7 Fighting
 + Level 4.1 Dodging
 * Level 4.8 Unarmed Combat
 + Level 3.2 Spellcasting
 * Level 0.2 Charms
 * Level 0.0 Necromancy
 + Level 3.8 Transmutations


You had 4 spell levels left.
You knew the following spells:

 Your Spells              Type           Power        Failure   Level  Hunger
a - Beastly Appendage     Trmt           ##....       4%          1    #......
b - Spider Form           Trmt/Pois      #.........   30%         3    ###....
c - Regeneration          Chrm/Necr      #.........   73%         3    ###....


Dungeon Overview and Level Annotations

Branches:
Dungeon (5/15)             Temple (0/1) D:5

Altars:
Cheibriados
Fedhas
Nemelex Xobeh
Vehumet


Message History

You miscast Regeneration.
You feel very uncomfortable.
Casting: Regeneration
Confirm with . or Enter, or press ? or * to list all spells.
You miscast Regeneration.
The world around you seems to dim momentarily.
* * * LOW HITPOINT WARNING * * *
You feel sick.
Casting: Regeneration
Confirm with . or Enter, or press ? or * to list all spells.
You miscast Regeneration.
You shiver with cold.
You are feeling hungry.
You aren't carrying any potions.
Unknown command.
* * * LOW HITPOINT WARNING * * *
You feel sick.
Unknown command.
Unknown command.
Unknown command.
Unknown command.
You die...

#.# #....##....# #.#
#....##.(..# #.#
#....##....# #.#
#....##....# #)#
#....##....#
##%#####....##....#
.)..........##<...#
.#.#####....###..##
................@# #
.#.#####....###..###.#
.#.#######.####......#
.....................#
.#.#######.####......#
##.# #.####......# .#
#.##........# .
#.##........# #..
####.##........#


There were no monsters in sight!

Vanquished Creatures
  An ogre (D:5)
  3 orc priests
  A worker ant (D:4)
  An orc wizard (D:5)
  An adder zombie (D:5)
  8 orcs
  3 bats
  2 giant cockroaches
  4 goblins
  2 hobgoblins
  3 kobolds
  A ball python (D:1)
  A giant newt (D:1)
  A hobgoblin skeleton (D:5)
  An orc zombie (D:5)
  2 rats
35 creatures vanquished.

Notes
Turn   | Place    | Note
--------------------------------------------------------------
     0 | D:1      | 4tharraofdagon, the Merfolk Transmuter, began the quest for the Orb.
     0 | D:1      | Reached XP level 1. HP: 15/15 MP: 3/3
   125 | D:1      | Reached XP level 2. HP: 2/21 MP: 1/4
   286 | D:4      | Found a sparkling altar of Nemelex Xobeh.
   290 | D:4      | Found a snail-covered altar of Cheibriados.
   306 | D:4      | Became a worshipper of Cheibriados the Contemplative
   324 | D:4      | Found a radiant altar of Vehumet.
   364 | D:4      | Reached XP level 3. HP: 22/27 MP: 3/6
   369 | D:4      | Learned a level 3 spell: Spider Form
   387 | D:4      | Noticed a phantom
   403 | D:5      | Entered Level 5 of the Dungeon
   406 | D:5      | Reached XP level 4. HP: 17/33 MP: 4/8
   411 | D:5      | Found a staircase to the Ecumenical Temple.
   423 | D:5      | Found a blossoming altar of Fedhas.
   490 | D:4      | Reached skill level 4 in Unarmed Combat
   634 | D:5      | Noticed an ogre
   641 | D:5      | Killed an ogre
   641 | D:5      | Reached XP level 5. HP: 28/39 MP: 6/11
   646 | D:5      | Reached XP level 6. HP: 25/46 MP: 8/13
   689 | D:5      | Learned a level 3 spell: Regeneration
   724 | D:5      | HP: 2/46 [poison (a potion of poison)]
   730 | D:5      | Succumbed to poison (a potion of poison)

Action                   |  1- 3 |  4- 6 || total
-------------------------+-------+-------++-------
Melee: Unarmed           |    44 |    66 ||   110
Throw: Stone             |     2 |       ||     2
 Cast: Beastly Appendage |     3 |       ||     3
       Spider Form       |     1 |     4 ||     5
  Use: Scroll            |       |     6 ||     6
       Potion            |       |     1 ||     1

Vault maps used:
D:1:      lightli_arrival_noodles
D:2:      first_bread
D:3:      old_standard_altar, uniq_grinder
D:4:      grunt_temple_overflow_open, old_standard_altar, kennysheep_mini_moat,
          hangedman_decor_opposing
D:5:      fedhas_altar_fruit_tree, minmay_temple_entry_statues_fountains
